 Dungeon Crawl Stone Soup version 0.20-a0-444-g03c7170 (webtiles) character file.

454 Asddderdsw the Gusty (level 6, -2/47 HPs)
             Began as a Draconian Air Elementalist on Jan 6, 2017.
             Slain by a centaur (3 damage)
             ... on level 5 of the Dungeon.
             The game lasted 00:48:56 (4104 turns).

Asddderdsw the Gusty (Draconian Air Elementalist)   Turns: 4104, Time: 00:48:56

Health: -2/47      AC:  8    Str: 10    XL:     6   Next: 76%
Magic:  8/10       EV: 13    Int: 17    God:
Gold:   186        SH:  0    Dex: 12    Spells: 3/11 levels left

rFire  . . .     SeeInvis .     s - +2 dire flail (protect)
rCold  . . .     Gourm    .     (armour unavailable)
rNeg   . . .     Faith    .     (shield currently unavailable)
rPois  .         Spirit   .     (helmet restricted)
rElec  .         Reflect  .     (no cloak)
rCorr  .         Harm     .     h - +0 pair of gloves
MR     .....                    q - +0 pair of boots
Stlth  ++........               (no amulet)
                                (no ring)
                                (no ring)

@: swift, repel missiles, quick
A: unfitting armour, cold-blooded, AC +6
a: no special abilities


You were on level 5 of the Dungeon.
You were not hungry.

You visited 1 branch of the dungeon, and saw 6 of its levels.

You collected 186 gold pieces.

Inventory:

Hand Weapons
 m - a +0 dagger
 s - a +2 dire flail of protection (weapon)
 v - a +0 war axe
 A - a +0 spear
 B - a +0 dagger of venom
 C - a +0 blowgun
 H - a +0 short sword
Missiles
 c - 42 poisoned needles
 d - 123 stones
 p - 37 arrows
 y - 37 sling bullets
 D - 30 bolts
 J - 4 tomahawks (quivered)
 N - a throwing net
Armour
 h - a +0 pair of gloves (worn)
 q - a +0 pair of boots (worn)
Wands
 K - a wand of acid (10/15)
Scrolls
 i - a scroll of immolation {unknown}
 k - 3 scrolls of teleportation
 o - 3 scrolls of identify
 t - a scroll of amnesia
 u - 2 scrolls of noise {unknown}
 x - a scroll of fear {unknown}
 F - a scroll of enchant armour {unknown}
 L - a scroll of remove curse
 M - a scroll of fog {unknown}
 O - a scroll of recharging {unknown}
Potions
 e - a potion of agility
 l - a potion of flight
 n - a potion of haste {unknown}
 z - a potion of cancellation {unknown}
 E - a potion of cure mutation
 G - a potion of lignification {unknown}
Books
 a - a book of Air

   Spells                             Type                      Level
   a - Shock                          Conjuration/Air              1
   b - Swiftness                      Charms/Air                   2
   c - Repel Missiles                 Charms/Air                   2
   d - Static Discharge               Conjuration/Air              3
   e - Lightning Bolt                 Conjuration/Air              5
Comestibles
 b - 3 bread rations
 f - a slice of pizza
 g - a beef jerky
 j - a meat ration
 r - 2 fruits
 w - 2 royal jellies


   Skills:
 + Level 1.0 Fighting
 + Level 1.5 Short Blades
 + Level 0.4 Axes
 + Level 1.1 Throwing
 + Level 3.4 Dodging
 + Level 2.5 Stealth
 + Level 1.0 Unarmed Combat
 + Level 3.2 Spellcasting
 + Level 2.9 Conjurations
 + Level 4.1 Air Magic


You had 3 spell levels left.
You knew the following spells:

 Your Spells              Type           Power        Failure   Level  Hunger
a - Shock                 Conj/Air       ##..         4%          1    None
b - Repel Missiles        Chrm/Air       #.....       14%         2    ##.....
c - Swiftness             Chrm/Air       #.......     14%         2    ##.....
d - Static Discharge      Conj/Air       ##......     14%         3    ###....


Dungeon Overview and Level Annotations

Branches:
Dungeon (6/15)
 Temple: D:4-7

Altars:
Nemelex Xobeh


Innate Abilities, Weirdness & Mutations

Your plain brown scales are hard. (AC +6)
You cannot fit into any form of body armour.
You are cold-blooded and may be slowed by cold attacks.


Message History

The centaur closely misses you. The orc hits you but does no damage.
You sock the centaur!
The centaur is almost dead.
The centaur hits you.
* * * LOW HITPOINT WARNING * * *
The centaur hits you but does no damage.
The orc misses you.
The centaur hits you but does no damage.
The centaur misses you. The centaur closely misses you. The centaur hits you.
* * * LOW HITPOINT WARNING * * *
There is a stone staircase leading down here.
Okay, then.
Casting: Repel Missiles
Confirm with . or Enter, or press ? or * to list all spells.
You feel quick.
The centaur hits you but does no damage.
The centaur hits you.
You die...

#.....(##.......#
#......##...[...#
#......##.......# #####
#......##########
?.....##.#....#
............#.#
......##....#.##
##....#.o..#..########..
#......@c.....(.........
#..#.......##....#####
#)###.#.####.....# ##
#.#.# #.....#
#.#.........$#
#.######o....# #.#
#.....# ..# #.....#
#.....#


You could see a centaur and an orc.

Vanquished Creatures
  Edmund (D:5)
  2 scorpions
  A howler monkey (D:4)
  2 hounds
  3 adders
  3 worms (D:2)
  15 dart slugs
  2 leopard geckos
  2 orcs (D:4)
  7 goblins
  3 hobgoblins
  5 jackals
  3 kobolds
  3 quokkas
  2 ball pythons
  8 bats
  3 frilled lizards
  A leopard gecko skeleton (D:4)
  6 rats
72 creatures vanquished.

Notes
Turn   | Place    | Note
-------+----------+-------------------------------------------
     0 | D:1      | Asddderdsw the Draconian Air Elementalist began the quest for the Orb.
     0 | D:1      | Reached XP level 1. HP: 14/14 MP: 3/3
   644 | D:1      | Reached XP level 2. HP: 20/20 MP: 1/5
  1008 | D:1      | You fall through a shaft!
  1309 | D:2      | Reached skill level 1 in Unarmed Combat
  1433 | D:2      | Reached XP level 3. HP: 26/26 MP: 3/6
  2559 | D:3      | Reached skill level 1 in Throwing
  2559 | D:3      | Reached XP level 4. HP: 27/33 MP: 4/7
  2611 | D:3      | Found a sparkling altar of Nemelex Xobeh.
  3234 | D:4      | Reached skill level 1 in Short Blades
  3234 | D:4      | Reached XP level 5. HP: 28/39 MP: 2/8
  3241 | D:4      | Learned a level 5 spell: Lightning Bolt
  3819 | D:5      | Entered Level 5 of the Dungeon
  3849 | D:5      | Reached XP level 6. HP: 42/46 MP: 3/10
  3890 | D:5      | Noticed Edmund
  3975 | D:5      | Killed Edmund
  3975 | D:5      | Reached skill level 1 in Fighting
  3975 | D:5      | Reached skill level 4 in Air Magic
  4064 | D:5      | Learned a level 2 spell: Repel Missiles
  4067 | D:5      | Learned a level 2 spell: Swiftness
  4071 | D:5      | Learned a level 3 spell: Static Discharge
  4102 | D:5      | HP: 1/47 [centaur (4)]
  4104 | D:5      | Slain by a centaur

Vault maps used:
D:1:      minmay_arrival_nine_rooms, minmay_misc_feat_room, serial_bayou_pond_d
D:3:      first_bread, nemelex_diamond_rough_becter
D:4:      kennysheep_slugbush, portal_sewer_entry_f, minmay_crystal_room
D:5:      serial_shops, shop, uniq_prince_ribbit1, uniq_edmund, uniq_eustachio
D:6:      lemuel_ice_spiral_2, trog_book

Skill      XL: |  1  2  3  4  5  6 |
---------------+-------------------+-----
Stealth        | 2 |  2.5
Dodging        | 2 3 |  3.4
Unarmed Combat | 1 |  1.0
Throwing       | 1 |  1.1
Short Blades   | 1 |  1.5
Conjurations   | 2 |  2.9
Spellcasting   | 3 |  3.2
Fighting       | 1 |  1.0
Air Magic      | 4 |  4.1
Axes           | |  0.4

Action                   |  1- 3 |  4- 6 || total
-------------------------+-------+-------++-------
Melee: Unarmed           |    19 |       ||    19
       Tailslap          |     6 |     7 ||    13
       Dagger            |    34 |    61 ||    95
       War axe           |    15 |       ||    15
       Punch             |     1 |       ||     1
       Dire flail        |       |     7 ||     7
Throw: Stone             |    44 |     9 ||    53
       Throwing net      |       |     1 ||     1
 Cast: Shock             |    47 |    67 ||   114
       Repel Missiles    |       |     1 ||     1
       Swiftness         |       |     1 ||     1
  Use: Scroll            |     5 |     4 ||     9
       Potion            |     1 |     3 ||     4
  Eat: Chunk             |     3 |     1 ||     4
       Meat ration       |     1 |     1 ||     2
Armor: Skin              |    56 |    36 ||    92
Dodge: Dodged            |    96 |    90 ||   186
